 Dungeon Crawl Stone Soup version 0.30.1 (webtiles) character file.

Game seed: 2610832382302987857

1609 Sanktem7 the Cleaver (level 8, -1/71 HPs)
             Began as a Minotaur Fighter on July 13, 2023.
             Was a Believer of Okawaru.
             Slain by Duvessa
             ... wielding a +0 rapier
              (12 damage)
             ... on level 5 of the Dungeon.
             The game lasted 00:07:31 (4376 turns).

Sanktem7 the Cleaver (Minotaur Fighter)             Turns: 4376, Time: 00:07:31

Health: -1/71      AC: 11    Str: 26    XL:     8   Next: 63%
Magic:  7/7        EV:  9    Int:  5    God:    Okawaru [**....]
Gold:   314        SH:  5    Dex: 10    Spells: 7/7 levels left

rFire   . . .        a - +0 war axe {axe}
rCold   . . .        c - +0 buckler
rNeg    . . .        b - +0 scale mail
rPois   .            (helmet restricted)
rElec   .            (no cloak)
rCorr   .            m - +1 pair of gloves {Str+3}
SInv    .            H - +0 pair of boots
Will    .....        (no amulet) Stlth
                     (no ring)
HPRegen 0.31/turn    (no ring)
MPRegen 0.10/turn

%: no passive effects
@: no status effects
A: horns 2, retaliatory headbutt
a: Renounce Religion, Heroism


You were on level 5 of the Dungeon.
You worshipped Okawaru.
Okawaru was pleased with you.
You visited 2 branches of the dungeon, and saw 6 of its levels.
You also visited: Sewer.

You collected 314 gold pieces.


Innate Abilities, Weirdness & Mutations

You have a pair of horns on your head.
You reflexively headbutt those who attack you in melee.


   Skills:
 + Level 6.4 Fighting
 * Level 8.1 Axes
 + Level 3.8 Throwing
 + Level 6.4 Armour
 + Level 6.4 Shields
 + Level 0.3 Spellcasting


You had 7 spell levels left.
You didn't know any spells.
Your spell library contained the following spells:

 Spells                   Type           Power      Damage    Failure   Level
 Poisonous Vapours        Pois/Air       0%         N/A       88%         2
 Hailstorm                Conj/Ice       0%         3d3       98%         3
 Mephitic Cloud           Conj/Pois/Air  0%         N/A       98%         3
 Vhi's Electric Charge    Tloc/Air       0%         N/A       98%         3
 Ice Form                 Ice/Tmut       0%         N/A       100%        4
 Arcjolt                  Conj/Air       0%         1d10      100%        5
 Freezing Cloud           Conj/Ice/Air   0%         6-21      100%        5
 Maxwell's Capacitive Co  Air            0%         ∞         100%        8
 Simulacrum               Ice/Necr       Unusable   N/A       N/A         6

Inventory:

Hand Weapons
 a - a +0 war axe (weapon) {axe}
Missiles
 k - 53 stones (quivered) {throwing}
 l - 3 poisoned darts {throwing}
 J - a throwing net {=f!fthrowing}
Armour
 b - a +0 scale mail (worn)
 c - a +0 buckler (worn)
 m - a +1 pair of gloves of strength (worn)
   (You found it on level 1 of the Dungeon)
 H - a +0 pair of boots (worn)
   (You found it on level 4 of the Dungeon)
Wands
 G - a wand of paralysis (13)
   (You found it on level 3 of the Dungeon)
 I - a wand of polymorph (4)
   (You found it on level 5 of the Dungeon)
Scrolls
 h - 8 scrolls of identify {unknown}
 i - 5 scrolls of fog
 o - 2 scrolls of vulnerability {unknown}
 p - 2 scrolls of magic mapping {unknown}
 q - 3 scrolls of poison {unknown}
 s - 2 scrolls of immolation {unknown}
 u - 2 scrolls of blinking {unknown}
 x - a scroll of amnesia {unknown}
 y - 2 scrolls of noise {unknown}
 B - a scroll of fear {unknown}
 D - 2 scrolls of teleportation {unknown}
 F - 2 scrolls of enchant armour {unknown}
Potions
 d - a potion of might
 e - 3 potions of curing {unknown}
 f - 2 potions of haste {@q3}
 g - a potion of brilliance {unknown}
 j - a potion of magic {unknown}
 n - a potion of resistance {unknown}
 r - 2 potions of lignification {!q}
 t - a potion of mutation {unknown}
 v - a potion of attraction {unknown}
 w - 2 potions of degeneration {unknown}
 z - a potion of heal wounds {unknown}
 A - 2 potions of cancellation {unknown}
 C - a potion of flight {unknown}
 E - 3 potions of berserk rage {unknown}

Dungeon Overview and Level Annotations

Branches:
Dungeon (5/15) Zot: 26113  Temple (1/1) D:4 Zot: 5969   Sewer (visited)

Altars:
Ashenzari
Cheibriados
Hepliaklqana
Kikubaaqudgha
Makhleb
Okawaru
Qazlal
Ru
Sif Muna
Trog
Uskayaw
Vehumet
Wu Jian
Yredelemnul
Zin
The Shining One

Shops:
D:1 :

Annotations:
D:5 Duvessa
Temple 2 transporters

#.......# .... #..#
##.######### .......#
#...# #.... .#.#..# #...#
#.### . ...# #...# #.###
#. #.#..# #...# #.##.
#..#§#§§######...####.##.
##...§§§s#.............##.
.....§§§e@................
##.##.##§#.............###
# #.####.#...#.#### # #.#
#.#...#.# # #.# #.#...#.#
# ..# #.#...#.# # ###
#.#...#.######
#.......##....
##......##.###


You could see Duvessa (berserk) and a scorpion.


Message History

There are monsters nearby!
There are monsters nearby!
There are monsters nearby!
You slash the orc wizard! The orc wizard casts a spell at you.
You resist with some effort.
You slash the orc wizard!
You kill the orc wizard!
Okawaru accepts your kill.
An orc comes into view. It is wielding a +0 club.
You hit the orc.
The orc hits you with a +0 hand axe. 😕 HP[-6]
You take 6 damage, and now have 65/71 hp.
You slash the orc!
You kill the orc!
Okawaru accepts your kill. The orc hits you but does no damage.
You hit the orc but do no damage. The orc barely misses you.
You slash the orc!
You kill the orc!
Okawaru accepts your kill. 😕 HP[+1]
You slash the orc!
You kill the orc!
Okawaru accepts your kill.
No target in view!
No target in view!
No target in view!
No target in view!
No target in view!
Items here: )))) [[ ††.
F - 2 scrolls labelled XOHOMA PUKA (gained 1) Key pressed, stopping explore.
You now have 314 gold pieces (gained 19).
Key pressed, stopping explore.
Duvessa, Sister of Dowan comes into view.
She is wielding a +0 rapier. 😎 HP[+5]
Your hp is fully restored (71).
Dowan, Brother of Duvessa comes into view.
He is wielding a +0 dagger and carrying a wand of flame (23).
Dowan shouts!
Dowan casts a spell.
Dowan blinks!
You slash Dowan! You block Dowan's attack.
You slash Dowan!
Dowan says, "Stay away from my face!"
Dowan gestures at you while chanting. The puff of frost hits you. 😕 HP[-4]
You take 4 damage, and now have 67/71 hp.
You hit Dowan.
You kill Dowan!
Okawaru accepts your kill.
Duvessa weeps, and shakes her weapon.
Duvessa goes berserk!
Duvessa rages. 😕 HP[+1]
You closely miss Duvessa. Duvessa hits you with a +0 rapier.
A scorpion comes into view. 😕 HP[-2]
You take 2 damage, and now have 66/71 hp.
You barely miss Duvessa. Duvessa hits you with a +0 rapier!
Duvessa hits you with a +0 rapier. 😮 HP[-19]
You take 19 damage, and now have 47/71 hp.
MASSIVE DAMAGE!! (PAUSE)
You hit Duvessa but do no damage. Duvessa closely misses you.
You furiously retaliate!
You headbutt Duvessa.
Duvessa hits you with a +0 rapier. 😮 HP[-2]
You take 2 damage, and now have 45/71 hp.
You hit Duvessa. Duvessa hits you with a +0 rapier!
* * * LOW HITPOINT WARNING * * *
Duvessa hits you but does no damage. 😨 HP[-14]
You take 14 damage, and now have 31/71 hp.
You barely miss Duvessa. Duvessa closely misses you.
You barely miss Duvessa. You headbutt Duvessa.
You hit the scorpion but do no damage. You block Duvessa's attack.
The scorpion barely misses you. Duvessa barely misses you.
You furiously retaliate!
You headbutt Duvessa! 😨 HP[+1]
You hit Duvessa. Your headbutt misses Duvessa. You hit the scorpion.
Duvessa hits you with a +0 rapier!
* * * LOW HITPOINT WARNING * * *
The scorpion stings you but does no damage.
You block Duvessa's attack. The scorpion stings you.
* * * LOW HITPOINT WARNING * * *
😱 HP[-15]
You take 15 damage, and now have 17/71 hp.
MASSIVE DAMAGE!! (PAUSE)
Okay, then.
As you read the scroll labelled SIMUGASENG, it crumbles to dust.
The scroll dissolves into smoke.
It was a scroll of fog.
You block Duvessa's attack. The scorpion barely misses you.
Duvessa hits you with a +0 rapier!
* * * LOW HITPOINT WARNING * * *
😱 HP[-6]
You take 6 damage, and now have 11/71 hp.
Duvessa attacks as you move away! Duvessa hits you with a +0 rapier!
You die...

Skill      XL: |  1  2  3  4  5  6  7  8 |
---------------+-------------------------+-----
Axes           | 3 4 5 6 7 8 |  8.1
Armour         | 4 5 6 |  6.4
Shields        | 4 5 6 |  6.4
Fighting       | 4 5 6 |  6.4
Throwing       | 1 2 3 |  3.8
Spellcasting   | |  0.3

Action                     |  1- 3 |  4- 6 |  7- 9 || total
---------------------------+-------+-------+-------++-------
  Melee: War axe           |    73 |    50 |   161 ||   284
         Headbutt          |     2 |     7 |    17 ||    26
    Use: Potion            |       |       |     2 ||     2
         Scroll            |       |       |     1 ||     1
 Armour: Scale mail        |    31 |    19 |    77 ||   127
         Skin              |       |       |     3 ||     3
  Dodge: Dodged            |    32 |    18 |    78 ||   128
  Block: Buckler           |    15 |    10 |    43 ||    68

Levels and vault maps discovered:
D:1:      kilobyte_arrival_exit_the_forest, layout_rooms,
          nicolae_concentric_dashed_squares_wild, nicolae_shop_vocational
D:2:      layout_basic, ebering_ecumenical_altar_box, basic_altar,
          kennysheep_generic_room_9, uniq_jessica
D:3:      layout_basic, uniq_sigmund, uniq_grinder
D:4:      layout_basic, dancing_weapons_uskayaw, minmay_temple_entry_hall,
          uniq_menkaure
D:5:      layout_loops_cross, lightli_sewer_entry_pipes, grunt_ministairs_4,
          serial_bayou_pond_d, minmay_between, uniq_duvessa
Temple:   hellmonk_temple_divided_pantheon

Notes
Turn   | Place    | Note
-------+----------+-------------------------------------------
     0 | D:1      | Sanktem7 the Minotaur Fighter began the quest for the Orb.
     0 | D:1      | Reached XP level 1. HP: 19/19 MP: 0/0
     0 | D:1      | magus.rc [v1.9.6]
   143 | D:1      | Found Daylek's Vocational Training.
   215 | D:1      | Reached XP level 2. HP: 21/27 MP: 1/1
   425 | D:1      | Reached skill level 3 in Axes
   941 | D:2      | Found a stormy altar of Qazlal.
  1042 | D:2      | You pick up a book of Vapours and begin reading...
  1042 | D:2      | You add the spells Poisonous Vapours, Mephitic Cloud and
                  | Freezing Cloud to your library.
  1067 | D:2      | Reached skill level 4 in Armour
  1101 | D:2      | Reached skill level 4 in Shields
  1101 | D:2      | Reached XP level 3. HP: 33/33 MP: 2/2
  1152 | D:2      | Found a faded altar of an unknown god.
  1190 | D:2      | Reached skill level 4 in Fighting
  1302 | D:2      | Noticed Jessica
  1306 | D:2      | Killed Jessica
  1319 | D:2      | Identified the +3 leather armour of Wifu {MP+9 Int-5 Dex+3}
  1562 | D:3      | Reached XP level 4. HP: 39/40 MP: 3/3
  1763 | D:3      | You pick up a book of the Tundra and begin reading...
  1763 | D:3      | You add the spells Hailstorm, Ice Form and Simulacrum to
                  | your library.
  1778 | D:3      | Noticed Sigmund
  1786 | D:3      | Killed Sigmund
  1787 | D:3      | Reached skill level 4 in Axes
  1787 | D:3      | Reached skill level 1 in Throwing
  1787 | D:3      | Reached XP level 5. HP: 32/47 MP: 4/4
  1791 | D:3      | Reached skill level 5 in Axes
  1791 | D:3      | Reached XP level 6. HP: 27/53 MP: 5/5
  2138 | D:3      | Noticed Grinder
  2139 | D:3      | Paralysed by Grinder for 2 turns
  2159 | D:3      | Paralysed by Grinder for 3 turns
  2162 | D:3      | Killed Grinder
  2163 | D:3      | Reached skill level 5 in Fighting
  2163 | D:3      | Reached skill level 2 in Throwing
  2163 | D:3      | Reached skill level 5 in Armour
  2163 | D:3      | Reached skill level 5 in Shields
  2393 | D:4      | Noticed Menkaure
  2403 | D:4      | Killed Menkaure
  2404 | D:4      | Reached skill level 6 in Axes
  2404 | D:4      | Reached XP level 7. HP: 61/61 MP: 6/6
  2433 | D:4      | Found a hide-covered altar of Uskayaw.
  2433 | D:4      | Noticed a +0 dagger
  2433 | D:4      | Noticed a +0 hand axe
  2474 | D:4      | You add the spells Vhi's Electric Charge, Arcjolt and
                  | Maxwell's Capacitive Coupling to your library.
  3104 | D:4      | Found a staircase to the Ecumenical Temple.
  3110 | Temple   | Entered the Ecumenical Temple
  3110 | Temple   | Found a transporter.
  3110 | Temple   | Found a transporter.
  3112 | Temple   | Found a transporter.
  3112 | Temple   | Found a transporter.
  3128 | Temple   | Became a worshipper of Warmaster Okawaru
  3237 | D:5      | Entered Level 5 of the Dungeon
  3350 | D:5      | Reached * piety under Okawaru
  3351 | D:5      | Reached skill level 7 in Axes
  3351 | D:5      | Reached skill level 3 in Throwing
  3351 | D:5      | Reached XP level 8. HP: 58/70 MP: 7/7
  3371 | D:5      | HP: 17/70 [steam dragon (7)]
  3373 | D:5      | Reached skill level 6 in Fighting
  3373 | D:5      | Reached skill level 6 in Armour
  3373 | D:5      | Reached skill level 6 in Shields
  3376 | D:5      | HP: 4/70 [river rat (8)]
  3466 | D:5      | Found a glowing drain.
  3474 | Sewer    | Entered a sewer
  4186 | D:5      | Reached ** piety under Okawaru
  4187 | D:5      | Reached skill level 8 in Axes
  4361 | D:5      | Noticed Duvessa
  4362 | D:5      | Noticed Dowan
  4365 | D:5      | Killed Dowan
  4372 | D:5      | HP: 17/71 [scorpion (5)]
  4376 | D:5      | Slain by Duvessa

Vanquished Creatures
  Grinder (D:3)
  Sigmund (D:3)
  A steam dragon (D:5)
  Menkaure (D:4)
  A water moccasin (D:5)
  A centaur (D:5)
  2 phantoms
  3 scorpions (D:5)
  Dowan (D:5)
  2 howler monkeys
  Jessica (D:2)
  An iguana (D:5)
  An orc wizard (D:5)
  9 adders
  10 river rats
  A white imp (D:5)
  A worm (D:4)
  5 dart slugs
  12 orcs
  An endoplasm (D:1)
  6 goblins
  4 hobgoblins
  3 jackals (D:3)
  4 quokkas
  10 ball pythons
  6 bats
  8 frilled lizards
  9 kobolds
  14 rats
120 creatures vanquished.

Table legend:
 A = Non-vault XP
 B = Vault XP
 C = Vault XP percentage of total XP
 D = Non-vault monster count
 E = Vault monster count
 F = Vault count percentage of total count
                 A         B        C        D         E       F
            +---------+---------+-------+---------+---------+-------
      Total |     696 |    1603 |  69.7 |      76 |      44 |  36.7
            +---------+---------+-------+---------+---------+-------
        D:1 |      27 |       0 |   0.0 |      16 |       0 |   0.0
        D:2 |      28 |      40 |  58.8 |      18 |       3 |  14.3
        D:3 |      90 |     517 |  85.2 |      18 |       2 |  10.0
        D:4 |     112 |     172 |  60.6 |       7 |       1 |  12.5
        D:5 |     439 |     735 |  62.6 |      17 |      15 |  46.9
      Sewer |       0 |     139 | 100.0 |       0 |      23 | 100.0
            +---------+---------+-------+---------+---------+-------

Skill      XL: |  1  2  3  4  5  6  7  8 |
---------------+-------------------------+-----
Axes           | 3 4 5 6 7 8 |  8.1
Armour         | 4 5 6 |  6.4
Shields        | 4 5 6 |  6.4
Fighting       | 4 5 6 |  6.4
Throwing       | 1 2 3 |  3.8
Spellcasting   | |  0.3

Action                     |  1- 3 |  4- 6 |  7- 9 || total
---------------------------+-------+-------+-------++-------
  Melee: War axe           |    73 |    50 |   161 ||   284
         Headbutt          |     2 |     7 |    17 ||    26
    Use: Potion            |       |       |     2 ||     2
         Scroll            |       |       |     1 ||     1
 Armour: Scale mail        |    31 |    19 |    77 ||   127
         Skin              |       |       |     3 ||     3
  Dodge: Dodged            |    32 |    18 |    78 ||   128
  Block: Buckler           |    15 |    10 |    43 ||    68

Illustrated notes

Table legend:
 A = Kills in this place as a percentage of kills in the entire game.
 B = Kills by you in this place as a percentage of kills by you in the entire game.
 C = Kills by friends in this place as a percentage of kills by friends in the entire game.
 D = Other kills in this place as a percentage of other kills in the entire game.
 E = Experience gained in this place as a percentage of experience gained in the entire game.
 F = Experience gained in this place divided by the number of levels of this place that you have seen.
                   A       B       C       D       E      F
               +-------+-------+-------+-------+-------+----------------------
         Total | 100.0 | 100.0 |   N/A |   N/A | 100.0 | 328.4
       Dungeon |  80.8 |  80.8 |   N/A |   N/A |  94.0 | 432.0
         Sewer |  19.2 |  19.2 |   N/A |   N/A |   6.0 | 139.0
               +-------+-------+-------+-------+-------+----------------------

Table legend: (Time is in decaauts)
 A = Elapsed time spent in this place.
 B = Non-inter-level travel time spent in this place.
 C = Inter-level travel time spent in this place.
 D = Time resting spent in this place.
 E = Time spent auto-exploring this place.
 F = Levels seen in this place.
 G = Mean time per level.
                   A        B        C        D        E       F      G
               +--------+--------+--------+--------+--------+-----+--------+
         Total |   4503 |   4359 |    144 |    155 |   3306 |   7 |  643.3 |
       Dungeon |   3886 |   3742 |    144 |     25 |   3006 |   5 |  777.2 |
        Temple |     30 |     30 |      0 |      0 |      0 |   1 |   30.0 |
         Sewer |    586 |    586 |      0 |    130 |    299 |   1 |  586.0 |
               +--------+--------+--------+--------+--------+-----+--------+

Top non-repeatable levels by time:
     D:1: 903 daAuts
     D:4: 859 daAuts
     D:3: 806 daAuts
     D:2: 686 daAuts
     D:5: 630 daAuts
   Sewer: 586 daAuts
  Temple: 30 daAuts
